 Dungeon Crawl Stone Soup version 0.25-a0-651-g8c222c7a2b (webtiles) character file.

Game seed: 4532768541084051813, levelgen mode: deterministic

1269 Darkdwarf the Chopper (level 8, 0/72 HPs)
             Began as a Deep Dwarf Fighter on Mar 22, 2020.
             Was a Follower of Makhleb.
             Killed from afar by an orc wizard (1 damage)
             ... with a magic dart
             ... on level 5 of the Dungeon.
             The game lasted 00:06:32 (3374 turns).

Darkdwarf the Chopper (Deep Dwarf Fighter)          Turns: 3374, Time: 00:06:34

Health: 0/72       AC: 14    Str: 22    XL:     8   Next: 28%
Magic:  6/6        EV:  4    Int:  9    God:    Makhleb [*.....]
Gold:   212        SH: 10    Dex: 12    Spells: 7/7 levels left

rFire    . . .     SeeInvis .   a - +0 war axe
rCold    . . .     Gourm    .   c - +0 kite shield
rNeg     . . .     Faith    .   x - -1 plate armour (curse)
rPois    .         Spirit   .   m - +0 helmet (curse)
rElec    .         Reflect  .   n - +0 cloak
rCorr    .         Harm     .   (no gloves)
MR       +....                  (no boots)
Stlth    ..........             (no amulet)
HPRegen  0.00/turn              (no ring)
MPRegen  0.10/turn              (no ring)

@: lethally poisoned (0 -> -22), non-regenerating
A: damage resistance, heal wounds, sense surroundings 1, no regeneration
a: Heal Wounds, Renounce Religion


You were on level 5 of the Dungeon.
You worshipped Makhleb.
Makhleb was aware of your devotion.
You were not hungry.

You visited 2 branches of the dungeon, and saw 6 of its levels.

You collected 212 gold pieces.

Inventory:

Hand Weapons
 a - a +0 war axe (weapon)
Missiles
 h - 2 curare-tipped darts (quivered)
 o - 2 javelins
 A - 7 poisoned darts
Armour
 b - a +0 scale mail
 c - a +0 kite shield (worn)
 m - a cursed +0 helmet (worn)
 n - a +0 cloak (worn)
 x - a cursed -1 plate armour (worn)
Jewellery
 w - an uncursed ring of stealth {unknown}
 y - a +4 ring of dexterity {unknown}
Wands
 s - a wand of iceblast (12)
 u - a wand of disintegration (10)
Scrolls
 e - 5 scrolls of fog {unknown}
 i - 2 scrolls of amnesia {unknown}
 j - 5 scrolls of teleportation {unknown}
 p - 3 scrolls of identify {unknown}
 t - a scroll of fear {unknown}
 v - 3 scrolls of remove curse {unknown}
Potions
 d - a potion of might
 g - 2 potions of lignification {unknown}
 k - a potion of cancellation {unknown}
 l - 2 potions of brilliance {unknown}
 q - 4 potions of curing {unknown}
 r - 2 potions of haste {unknown}
 z - a potion of ambrosia {unknown}
 C - a potion of heal wounds {unknown}
Comestibles
 f - 7 rations
 B - 6 chunks of flesh


   Skills:
 + Level 4.1 Fighting
 + Level 7.1 Axes
 * Level 7.0 Armour
 + Level 5.5 Shields


You had 7 spell levels left.
You didn't know any spells.
Your spell library was empty.

Dungeon Overview and Level Annotations

Branches:
Dungeon (5/15)             Temple (1/1) D:4

Altars:
Ashenzari
Gozag
Kikubaaqudgha
Makhleb
Nemelex Xobeh
Okawaru
Ru
Trog
Uskayaw
Vehumet
Wu Jian
Zin
Jiyva


Innate Abilities, Weirdness & Mutations

You are resistant to damage.
You can heal yourself by infusing magical energy.
You passively map a small area around you.
You do not regenerate.


Message History

You miss something.
You feel sick.
You hear some strange, mumbled words.
A puff of flame appears from out of thin air!
The puff of flame hits you but does no damage.
Your shield and plate armour prevent you from hitting something.
You feel very sick. Something hits you but does no damage.
You are lethally poisoned!
You fail to use your ability.
* * * LOW HITPOINT WARNING * * *
You feel sick. Something hits you but does no damage.
You are more poisoned.
You miss something.
* * * LOW HITPOINT WARNING * * *
You feel very sick. Something hits you but does no damage.
You hear some strange, mumbled words.
A magic dart appears from out of thin air!
The magic dart hits you.
You die...

## #.. , ###.###.#*
*## #........ ,..#
#####.#...... ... #,*
##........##.#
*#.#.#, , *
..........:#.# #.#.#
. *
#......##.####.#.##.#
* #@{###............
*, #.)...............
###.##.####.#.#... ,,
* #.##.# #.#.#...
#.##.# #.#.#... ** *,
, #.##.# #....... *
#.##.# #..#.... *
#.##.# ##...... ,*
#.##.# ##.....


There were no monsters in sight!

Vanquished Creatures
  Sigmund (D:3)
  2 sky beasts (D:5)
  An ogre (D:4)
  A phantom (D:5)
  A centaur (D:5)
  2 scorpions
  3 crimson imps (D:5)
  An orc priest (D:4)
  A bullfrog skeleton (D:4)
  Jessica (D:3)
  Ijyb (D:3)
  An orc wizard (D:5)
  6 worker ants
  Robin (D:3)
  7 adders
  2 shadow imps (D:5)
  An ooze (D:1)
  An adder skeleton (D:5)
  6 worms
  2 dart slugs
  A leopard gecko (D:4)
  9 orcs
  3 ball pythons
  3 bats
  3 giant cockroaches
  13 goblins
  14 hobgoblins
  2 jackals (D:3)
  5 kobolds
  2 quokkas
  4 frilled lizards
  A leopard gecko skeleton (D:4)
  13 rats
115 creatures vanquished.

Notes
Turn   | Place    | Note
-------+----------+-------------------------------------------
     0 | D:1      | Darkdwarf the Deep Dwarf Fighter began the quest for the
                  | Orb.
     0 | D:1      | Reached XP level 1. HP: 20/20 MP: 1/1
   104 | D:1      | Reached XP level 2. HP: 20/27 MP: 2/2
   763 | D:2      | Reached XP level 3. HP: 22/33 MP: 3/3
   935 | D:2      | Found a faded altar of an unknown god.
  1081 | D:2      | Noticed a moth of wrath
  1084 | D:2      | Found a bloodstained altar of Trog.
  1127 | D:2      | Reached XP level 4. HP: 12/42 MP: 4/4
  1216 | D:2      | Found a glowing silver altar of Zin.
  1490 | D:3      | Noticed Robin
  1505 | D:3      | Killed Robin
  1532 | D:3      | Noticed Jessica
  1541 | D:3      | Noticed Ijyb
  1549 | D:3      | Killed Jessica
  1549 | D:3      | Reached XP level 5. HP: 12/49 MP: 4/4
  1553 | D:3      | Killed Ijyb
  1586 | D:3      | Found an ancient bone altar of Kikubaaqudgha.
  1676 | D:3      | Noticed Sigmund
  1708 | D:3      | Killed Sigmund
  1708 | D:3      | Reached skill level 5 in Axes
  1708 | D:3      | Reached XP level 6. HP: 23/56 MP: 5/5
  1750 | D:3      | Found a sacrificial altar of Ru.
  1976 | D:3      | Reached skill level 5 in Armour
  2230 | D:4      | Found a staircase to the Ecumenical Temple.
  2243 | Temple   | Entered the Ecumenical Temple
  2346 | Temple   | Became a worshipper of Makhleb the Destroyer
  2396 | D:4      | Found a shattered altar of Ashenzari.
  2520 | D:4      | Found an iron altar of Okawaru.
  2541 | D:4      | Reached XP level 7. HP: 22/62 MP: 5/5
  2578 | D:4      | Found an opulent altar of Gozag.
  2860 | D:5      | Entered Level 5 of the Dungeon
  2932 | D:5      | Reached skill level 5 in Shields
  3115 | D:5      | Reached XP level 8. HP: 22/72 MP: 6/6
  3152 | D:5      | Reached * piety under Makhleb
  3374 | D:5      | HP: 1/72 [poisoned by an orc wizard]
  3374 | D:5      | Killed from afar by an orc wizard

Levels and vault maps discovered:
D:1:      heliophobic_arrival_enchanted_forest, layout_basic
D:2:      layout_basic, lemuel_crystal_altar, tgw_trog,
          chequers_ecumenical_altar_simple, first_ration, minmay_pentomino_v2
D:3:      layout_basic, lemuel_doored_altar, overflow_temple_1_default,
          uniq_robin, uniq_ijyb, uniq_jessica, uniq_sigmund
D:4:      layout_loops_cross, cheibrodos_ashenzari_chains, kennysheep_mini_moat,
          old_standard_altar, minmay_temple_entry_proselytizer
D:5:      layout_loops_ring
Temple:   pf_slime_end_temple

Skill      XL: |  1  2  3  4  5  6  7  8 |
---------------+-------------------------+-----
Axes           | 3 4 5 6 7 |  7.1
Fighting       | 3 4 |  4.1
Armour         | 4 5 6 7 |  7.0
Shields        | 4 5 |  5.5

Action                   |  1- 3 |  4- 6 |  7- 9 || total
-------------------------+-------+-------+-------++-------
Melee: War axe           |   168 |   193 |   155 ||   516
Throw: Dart              |       |     2 |       ||     2
 Abil: Heal Wounds       |     3 |     4 |     2 ||     9
  Eat: Chunk             |       |     6 |     3 ||     9
Armor: Scale mail        |    80 |    51 |       ||   131
       Plate armour      |       |    33 |    76 ||   109
Dodge: Dodged            |    55 |    32 |    11 ||    98
Block: Kite shield       |    81 |    81 |    71 ||   233

Table legend:
 A = Non-vault XP
 B = Vault XP
 C = Vault XP percentage of total XP
 D = Non-vault monster count
 E = Vault monster count
 F = Vault count percentage of total count
                 A         B        C        D         E       F
            +---------+---------+-------+---------+---------+-------
      Total |    1419 |     395 |  21.8 |      92 |      23 |  20.0
            +---------+---------+-------+---------+---------+-------
        D:1 |      40 |       0 |   0.0 |      21 |       0 |   0.0
        D:2 |      38 |      33 |  46.5 |      19 |       7 |  26.9
        D:3 |      80 |     321 |  80.0 |      21 |      15 |  41.7
        D:4 |     298 |      41 |  12.1 |       8 |       1 |  11.1
        D:5 |     963 |       0 |   0.0 |      23 |       0 |   0.0
            +---------+---------+-------+---------+---------+-------
